 Dungeon Crawl Stone Soup version 0.21.1-1-g345015fe64 (webtiles) character file.

147142 schlauschwein the Earth Mage (level 16, -27/135 HPs)
             Began as a Deep Dwarf Earth Elementalist on Feb 17, 2018.
             Was the Champion of Makhleb.
             Killed from afar by a frost giant (83 damage)
             ... with a bolt of cold
             ... on level 15 of the Dungeon on June 22, 2018.
             The game lasted 02:10:10 (35198 turns).

schlauschwein the Earth Mage (DDEE)                Turns: 35198, Time: 02:10:12

Health: -27/135    AC: 26    Str: 20    XL:     16   Next: 91%
Magic:  2/32       EV: 12    Int: 23    God:    Makhleb [******]
Gold:   1039       SH: 11    Dex: 13    Spells: 24/39 levels left

rFire    + . .     SeeInvis +   e - staff of earth
rCold    x . .     Gourm    .   P - +2 buckler {AC+3}
rNeg     + . .     Faith    .   G - +4 chain mail of the Slorg {rC- MR+ Stlth+}
rPois    +         Spirit   .   B - +3 crown of Dyrovepreva {rElec Int+2 SInv}
rElec    +         Reflect  +   f - scarf {cloud immunity}
rCorr    .         Harm     .   Q - +0 pair of gloves
MR       +++..                  l - +1 pair of boots of the Eternal Void {rF+}
Stlth    ..........             C - +4 amulet of reflection
HPRegen  0.00/turn              j - +6 ring of strength
MPRegen  0.23/turn              v - ring of poison resistance

@: non-regenerating
A: damage resistance, heal wounds, negative energy resistance 1, sense
surroundings 2, no regeneration
a: Heal Wounds, Minor Destruction, Lesser Servant of Makhleb, Major Destruction,
Greater Servant of Makhleb, Renounce Religion


You were on level 15 of the Dungeon.
You worshipped Makhleb.
Makhleb was exalted by your worship.
You were very hungry.

You visited 4 branches of the dungeon, and saw 24 of its levels.

You collected 2851 gold pieces.
You spent 1812 gold pieces at shops.

Inventory:

Hand Weapons
 I - a +4 broad axe of chopping
Missiles
 z - 44 stones (quivered)
Armour
 f - a scarf of cloud immunity (worn)
 h - a scarf of repulsion
 l - the +1 pair of boots of the Eternal Void (worn) {rF+}
   (You found it on level 5 of the Lair of Beasts)

   It protects you from fire.
 s - a +2 pair of boots of flying
 B - the +3 crown of Dyrovepreva (worn) {rElec Int+2 SInv}
   (You found it on level 14 of the Dungeon)

   It affects your intelligence (+2).
   It insulates you from electricity.
   It lets you see invisible.
 G - the +4 chain mail of the Slorg (worn) {rC- MR+ Stlth+}
   (You bought it in a shop on level 9 of the Dungeon)

   It makes you vulnerable to cold.
   It affects your resistance to hostile enchantments.
   It makes you more stealthy.
 M - a +1 scale mail of cold resistance
 P - a +2 buckler of protection (worn)
 Q - a +0 pair of gloves (worn)
Magical Staves
 e - an uncursed staff of earth (weapon)
Jewellery
 j - a +6 ring of strength (left hand)
 r - the ring of Cuisent {*Tele *Slow MR+++ Int+5}
   (You took it off a gnoll on level 5 of the Dungeon)

   [ring of teleportation]

   It may teleport you next to monsters.
   It affects your intelligence (+5).
   It affects your resistance to hostile enchantments.
   It may slow you when you take damage.
 v - a ring of poison resistance (right hand)
 C - a +4 amulet of reflection (around neck)
 K - an uncursed ring of fire
Wands
 b - a wand of clouds (4)
 n - a wand of flame (48)
 t - a wand of paralysis (10)
 w - a wand of digging (22)
 y - a wand of acid (36)
 L - a wand of enslavement (11)
 O - a wand of iceblast (16)
Scrolls
 c - 2 scrolls of blinking
 k - 5 scrolls of magic mapping
 m - 7 scrolls of remove curse
 p - 7 scrolls of identify
 E - 2 scrolls of fog
 F - a scroll of immolation
 N - a scroll of amnesia
Potions
 a - 6 potions of curing
 g - 5 potions of brilliance
 i - a potion of berserk rage
 o - 2 potions of agility
 q - 7 potions of heal wounds
 x - 3 potions of mutation
 A - 2 potions of might
 H - a potion of invisibility
Books
 u - a book of Air

   Spells                             Type                      Level
   a - Shock                          Conjuration/Air              1
   b - Swiftness                      Charms/Air                   2
   c - Static Discharge               Conjuration/Air              3
   d - Airstrike                      Air                          4
   e - Lightning Bolt                 Conjuration/Air              5
Comestibles
 d - 27 rations


   Skills:
 + Level 6.7 Fighting
 - Level 12.0 Staves
 - Level 12.0 Armour
 + Level 8.1 Dodging
 - Level 2.4 Stealth
 - Level 4.0 Shields
 - Level 12.1 Spellcasting
 - Level 2.7 Conjurations
 - Level 0.8 Transmutations
 - Level 20.0 Earth Magic
 + Level 5.5 Evocations


You had 24 spell levels left.
You knew the following spells:

 Your Spells              Type           Power        Failure   Level  Hunger
a - Sandblast             Erth           ######       0%          1    None
b - Passwall              Tmut/Erth      #######...   1%          2    None
c - Stone Arrow           Conj/Erth      ######       1%          3    None
d - Lee's Rapid Deconstr  Erth           ########..   1%          5    ###....
e - Petrify               Tmut/Erth      #######.     3%          4    None


Dungeon Overview and Level Annotations

Branches:
Dungeon (15/15)            Temple (1/1) D:4            Lair (6/6) D:9
 Shoals (0/4) Lair:4       Spider (0/4) Lair:2        Slime (0/5) Lair:5
    Orc (2/2) D:12            Elf (0/3) Orc:2        Vaults (0/5) D:14
 Depths (0/5) D:15

Altars:
Ashenzari
Cheibriados
Fedhas
Gozag
Hepliaklqana
Makhleb
Okawaru
Ru
Sif Muna
Trog
Wu Jian
Xom
Zin
The Shining One

Shops:
D:8 *   D:9 [   D:10 (?[(   D:11 [   D:15 :   Orc:1 }*(   Orc:2 ?[[%*

Annotations:
D:11 Name63's ghost, journeyman FoAK
Lair:5 exclusion: 3 oklob plants


Innate Abilities, Weirdness & Mutations

You are resistant to damage.
You can heal yourself by infusing magical energy.
You resist negative energy. (rN+)
You passively map the area around you.
You do not regenerate.


Message History

Evoke which item? (* to show all) (? for menu, Esc to quit)
Aiming: Corrosive Bolt
Press: ? - help, Shift-Dir - straight line, f/p - frost giant
Aim: a frost giant, wielding a battleaxe of freezing The bolt of acid hits the frost giant.
The frost giant is splashed with acid.
The acid corrodes the frost giant!
The frost giant is lightly wounded.
The frost giant casts a spell at you. The bolt of cold hits you!
You feel a terrible chill!
Evoke which item? (* to show all) (? for menu, Esc to quit)
Aiming: Corrosive Bolt
Press: ? - help, Shift-Dir - straight line, f/p - frost giant
Aim: a frost giant, wielding a battleaxe of freezing (lightly wounded, covered in acid)
The bolt of acid hits the frost giant.
The frost giant is splashed with acid.
The acid corrodes the frost giant!
The frost giant is moderately wounded.
The frost giant casts a spell at you. The bolt of cold hits you!
You feel a terrible chill!
Ouch! That really hurt!
You die...

#.# ##...# ###.#
##..... ######.#.#
##......
#........###....<..
#.##......=†.......
* ##....###.......
*, ##...# ##......
############ ##.....
#..@.....≈≈# ##...#
#C###≈≈≈#.≈####.#(##
#...#......#.(..)..#
#.>.+..≈##.').###..#
#...#......######...
#+###≈≈≈#.≈#####...#
.(.....(≈≈#........
#############......
.######..#


You could see a frost giant.

Vanquished Creatures
  Kirke (Lair:4)
  Gastronok (Orc:1)
  An orc warlord (Orc:1)
  A dire elephant (Lair:5)
  Snorg (D:12)
  2 fire dragons
  7 hydras
  8 centaur warriors
  5 ogre magi
  3 death knights
  21 two-headed ogres
  A deep troll earth mage (D:13)
  The ghost of BrokenGlass the Martial Artist, a novice OpFi (D:9)
  Nergalle (Lair:4)
  A deep elf knight (D:14)
  Urug (D:12)
  5 skeletal warriors (D:15)
  A fire crab (Lair:6)
  3 unseen horrors
  A wizard (D:13)
  A glowing orange brain (D:12)
  A lindwurm (Lair:5)
  3 orc knights
  A wolf spider (Orc:1)
  An oklob plant (D:13)
  A faun (shapeshifter) (D:13)
  21 ugly things
  4 manticores
  6 deep elf magi
  2 cyclopes
  14 elephants
  Maurice (D:12)
  A merfolk siren (Lair:4)
  8 black mambas
  5 centaur zombies
  A water nymph (shapeshifter) (D:13)
  4 centaur skeletons
  10 spiny frogs
  5 gargoyles
  3 molten gargoyles (Lair:6)
  A rime drake (Lair:5)
  9 komodo dragons
  An efreet (D:15)
  A yaktaur (D:15)
  A redback zombie (D:14)
  3 kobold demonologists
  4 demonic crawlers (D:12)
  A troll (shapeshifter) (D:14)
  11 trolls
  2 jumping spiders (Lair:2)
  A polar bear (Lair:5)
  A hornet (D:12)
  13 blink frogs
  16 hippogriffs
  A hippogriff (shapeshifter) (D:13)
  3 tarantellas (Orc:1)
  2 redbacks
  3 water elementals (D:14)
  7 wyverns
  A vampire (D:11)
  2 wraiths
  5 hogs (Lair:4)
  8 basilisks
  14 yaks
  4 fire bats (D:14)
  2 steam dragons (Lair:6)
  4 vampire mosquitoes
  A warg (Orc:2)
  2 soldier ants
  2 acid dragons (D:15)
  5 hell hounds
  A floating eye (D:12)
  10 porcupines
  13 water moccasins
  Duvessa (D:7)
  2 ice beasts
  6 sky beasts
  21 orc warriors
  6 black bears
  An eye of draining (D:14)
  36 ogres
  12 wolves
  4 boggarts (D:15)
  6 phantoms
  18 centaurs
  13 crocodiles
  6 big kobolds
  14 bullfrogs
  A gnoll sergeant (D:6)
  Dowan (D:7)
  7 scorpions
  10 killer bees
  14 wights
  6 howler monkeys
  2 electric eels
  6 crimson imps
  7 lava snakes
  A quasit (D:8)
  A wyvern simulacrum (D:14)
  2 bullfrog zombies
  3 small abominations (D:12)
  Crazy Yiuf (D:5)
  4 hounds
  5 jellies
  3 bullfrog skeletons
  8 orc priests
  7 hell rats (Lair:5)
  6 iguanas
  10 worker ants
  15 orc wizards
  A centaur simulacrum (D:12)
  7 gnolls
  A howler monkey skeleton (D:4)
  16 adders
  4 shadow imps
  3 oozes
  2 adder zombies
  2 adder skeletons
  2 worms
  4 dart slugs
  6 leopard geckos
  53 orcs
  4 ball pythons
  5 giant cockroaches
  7 hobgoblins
  15 jackals
  16 kobolds
  4 quokkas
  14 bats
  3 frilled lizards
  9 goblins
  A leopard gecko skeleton (D:4)
  2 quokka skeletons (D:5)
  11 rats
  A fire vortex (D:14)
  5 fungi
  5 plants
783 creatures vanquished.

Vanquished Creatures (others)
  2 fire vortices (D:14)
  18 fungi
  5 plants
25 creatures vanquished.

Grand Total: 808 creatures vanquished

Notes
Turn   | Place    | Note
-------+----------+-------------------------------------------
     0 | D:1      | schlauschwein the Deep Dwarf Earth Elementalist began the quest for the Orb.
     0 | D:1      | Reached XP level 1. HP: 15/15 MP: 3/3
   100 | D:1      | Reached XP level 2. HP: 22/22 MP: 0/4
   254 | D:1      | Reached skill level 5 in Earth Magic
   560 | D:1      | Reached XP level 3. HP: 28/28 MP: 2/6
   641 | D:1      | Learned a level 2 spell: Passwall
   645 | D:1      | Learned a level 3 spell: Stone Arrow
  1030 | D:2      | Found an opulent altar of Gozag.
  1150 | D:2      | Noticed a scorpion
  1154 | D:2      | Killed a scorpion
  1154 | D:2      | Reached skill level 6 in Earth Magic
  1154 | D:2      | Reached XP level 4. HP: 36/36 MP: 4/7
  1679 | D:2      | Reached XP level 5. HP: 42/42 MP: 7/9
  1946 | D:2      | Reached skill level 7 in Earth Magic
  2861 | D:3      | Reached skill level 1 in Conjurations
  2861 | D:3      | Reached XP level 6. HP: 49/49 MP: 3/10
  2868 | D:3      | Learned a level 5 spell: Lee's Rapid Deconstruction
  3448 | D:3      | Found a blossoming altar of Fedhas.
  3956 | D:4      | Reached skill level 8 in Earth Magic
  4073 | D:4      | Found an opulent altar of Gozag.
  4181 | D:4      | Found an iron altar of Okawaru.
  4449 | D:4      | Found a staircase to the Ecumenical Temple.
  4455 | Temple   | Entered the Ecumenical Temple
  4506 | Temple   | Became a worshipper of Makhleb the Destroyer
  4699 | D:4      | Reached XP level 7. HP: 55/55 MP: 5/12
  5032 | D:5      | Entered Level 5 of the Dungeon
  5242 | D:5      | Found a deep blue altar of Sif Muna.
  5300 | D:5      | Reached skill level 9 in Earth Magic
  5336 | D:5      | Found a hazy altar of Hepliaklqana.
  5719 | D:5      | Got a slimy wooden ring
  5933 | D:5      | Found a runed door.
  5937 | D:5      | Noticed Crazy Yiuf
  5939 | D:5      | Killed Crazy Yiuf
  5946 | D:5      | Got a transparent mace
  6038 | D:5      | Identified the cursed +1 mace "Niely" {flame, Dex+4} (You found it on level 5 of the Dungeon)
  6115 | D:6      | Reached skill level 10 in Earth Magic
  6185 | D:6      | Reached XP level 8. HP: 62/62 MP: 10/14
  6191 | D:6      | Learned a level 4 spell: Petrify
  6197 | D:6      | Reached * piety under Makhleb
  6365 | D:6      | Identified the ring of Cuisent {*Tele *Slow MR+++ Int+5} (You took it off a gnoll on level 5 of the Dungeon)
  6511 | D:6      | Reached skill level 5 in Spellcasting
  6530 | D:6      | Reached skill level 11 in Earth Magic
  7226 | D:7      | Killed an unseen horror
  7226 | D:7      | Reached skill level 12 in Earth Magic
  7226 | D:7      | Gained mutation: You passively map the area around you. [Deep Dwarf growth]
  7226 | D:7      | Reached XP level 9. HP: 44/68 MP: 8/18
  7241 | D:7      | You fall through a shaft for 2 floors!
  7274 | D:9      | Noticed BrokenGlass's ghost (novice OpFi)
  7284 | D:9      | Killed BrokenGlass's ghost
  7284 | D:9      | Reached skill level 13 in Earth Magic
  7362 | D:7      | Noticed Dowan
  7367 | D:7      | Noticed Duvessa
  7505 | D:7      | Reached ** piety under Makhleb
  7893 | D:7      | Killed Dowan
  7894 | D:7      | Killed Duvessa
  8060 | D:7      | Found a shattered altar of Ashenzari.
  8060 | D:7      | Found a shimmering altar of Xom.
  8153 | D:7      | Found a glowing golden altar of the Shining One.
  8159 | D:7      | Reached skill level 14 in Earth Magic
  8271 | D:7      | Found a bloodstained altar of Trog.
  8384 | D:8      | Reached XP level 10. HP: 71/75 MP: 0/21
  8538 | D:8      | Found a sacrificial altar of Ru.
  8560 | D:8      | Found Datiemyp's Serpentskin Sales.
  8577 | D:8      | Bought a +1 buckler of poison resistance for 189 gold pieces
  8716 | D:8      | Reached *** piety under Makhleb
  8896 | D:8      | Found a snail-covered altar of Cheibriados.
  9069 | D:8      | Reached skill level 1 in Shields
  9368 | D:9      | Found Famunwit's Antique Armour Shop.
  9432 | D:9      | Reached skill level 15 in Earth Magic
  9715 | D:9      | Reached **** piety under Makhleb
  9771 | D:9      | Found a staircase to the Lair.
  9963 | D:9      | Identified a scroll of acquirement
 10074 | Lair:1   | Entered Level 1 of the Lair of Beasts
 11062 | Lair:2   | Found a hole to the Spider Nest.
 11065 | Lair:2   | Reached XP level 11. HP: 81/81 MP: 9/24
 11086 | Lair:2   | Reached skill level 16 in Earth Magic
 11298 | Lair:2   | Reached skill level 1 in Armour
 12416 | Lair:3   | Reached skill level 17 in Earth Magic
 13531 | Lair:4   | Reached skill level 18 in Earth Magic
 13874 | Lair:4   | Noticed Kirke
 13939 | Lair:4   | Reached XP level 12. HP: 88/88 MP: 20/25
 14067 | Lair:4   | Noticed an eight-headed hydra
 14068 | Lair:4   | Killed an eight-headed hydra
 14068 | Lair:4   | Reached skill level 19 in Earth Magic
 14209 | Lair:4   | Noticed Nergalle
 14216 | Lair:4   | Killed Nergalle
 14438 | Lair:4   | Killed Kirke
 14623 | Lair:4   | Noticed a six-headed hydra
 14631 | Lair:4   | Killed a six-headed hydra
 14631 | Lair:4   | Reached skill level 20 in Earth Magic
 14832 | Lair:4   | Found a staircase to the Shoals.
 15155 | D:10     | Entered Level 10 of the Dungeon
 15272 | D:10     | Reached skill level 1 in Staves
 15558 | D:10     | Found Gijudaff's Weapon Emporium.
 15786 | D:10     | Reached ***** piety under Makhleb
 15887 | D:10     | Found Kiorer's Antique Armour Emporium.
 16006 | D:10     | Found Pibuz's Magic Scroll Emporium.
 16050 | D:10     | Found Doph's Weapon Shop.
 16058 | D:10     | Bought 18 stones for 27 gold pieces
 16509 | D:11     | Found Couheg's Antique Armour Shop.
 16746 | D:11     | Noticed a seven-headed hydra
 16747 | D:11     | Noticed Name63's ghost (journeyman FoAK)
 16749 | D:11     | Killed a seven-headed hydra
 16909 | D:11     | Noticed a two-headed ogre
 16922 | D:11     | Killed a two-headed ogre
 16927 | D:11     | Noticed a two-headed ogre
 16936 | D:11     | Reached skill level 10 in Spellcasting
 17143 | D:11     | Killed a two-headed ogre
 17201 | D:11     | Reached skill level 5 in Armour
 17358 | D:11     | Reached XP level 13. HP: 87/96 MP: 21/27
 17420 | D:11     | Bought a glowing helmet for 285 gold pieces
 17420 | D:11     | Bought a shiny buckler for 285 gold pieces
 18146 | D:12     | Found a staircase to the Orcish Mines.
 19409 | D:12     | Identified the Grimoire of the Creative Voyage
 20089 | Lair:5   | Reached skill level 1 in Fighting
 20193 | Lair:5   | Noticed a dire elephant
 20259 | Lair:5   | Killed a dire elephant
 20913 | Lair:5   | Got a pair of ancient boots
 20914 | Lair:5   | Identified the +1 pair of boots of the Eternal Void {rF+} (You found it on level 5 of the Lair of Beasts)
 21507 | Lair:5   | Found a staircase to the Slime Pits.
 21690 | Lair:6   | Entered Level 6 of the Lair of Beasts
 21766 | Lair:6   | Reached skill level 5 in Dodging
 21824 | Lair:6   | Reached skill level 5 in Staves
 21867 | Lair:6   | Gained mutation: You resist negative energy. (rN+) [Deep Dwarf growth]
 21867 | Lair:6   | Reached XP level 14. HP: 109/109 MP: 3/30
 23586 | Lair:6   | Reached ****** piety under Makhleb
 23937 | Lair:6   | Found a large runed door.
 23939 | Lair:6   | Found a large runed door.
 23966 | Lair:6   | Found the +5 pair of quick blades "Gyre" and "Gimble" {pierce, Dex-3}
 24345 | D:9      | Reached XP level 15. HP: 116/117 MP: 31/31
 24408 | Orc:1    | Entered Level 1 of the Orcish Mines
 24408 | Orc:1    | Found a burning altar of Makhleb.
 24408 | Orc:1    | Noticed Urug
 24531 | Orc:1    | Noticed Snorg
 24705 | Orc:1    | Noticed Gastronok
 24729 | D:12     | Killed Snorg
 24873 | D:12     | Killed Urug
 24987 | Orc:1    | Noticed Maurice
 25002 | D:12     | Killed Maurice
 25110 | Orc:1    | Killed Gastronok
 25242 | Orc:1    | Found Unlaf's Assorted Antiques.
 25255 | Orc:1    | Found Peoku's Gadget Boutique.
 25419 | Orc:1    | Found Ifag's Antique Weapon Boutique.
 25431 | Orc:1    | Noticed an orc warlord
 25453 | Orc:1    | Killed an orc warlord
 26141 | Orc:2    | Entered Level 2 of the Orcish Mines
 26165 | Orc:2    | Found a staircase to the Elven Halls.
 26301 | Orc:2    | Found Epainat's Armour Emporium.
 26316 | Orc:2    | Found Xext's General Store.
 26625 | Orc:2    | Reached skill level 5 in Evocations
 27351 | Orc:2    | Reached skill level 10 in Armour
 27877 | Orc:2    | Found Weasuam's Armour Shoppe.
 27877 | Orc:2    | Found Gucsail's Food Boutique.
 27878 | Orc:2    | Found Ellaeqyj's Magic Scroll Shop.
 27878 | Orc:2    | Found Notuwkir's Armour Shoppe.
 28354 | D:9      | Bought a transparent leather armour for 210 gold pieces
 28355 | D:9      | Identified the +0 leather armour of Too Many Cooks {*Drain +Fly Int+6} (You bought it in a shop on level 9 of the Dungeon)
 28357 | D:9      | Bought a colourful robe for 171 gold pieces
 28357 | D:9      | Bought an encrusted chain mail for 285 gold pieces
 28357 | D:9      | Bought a runed buckler for 225 gold pieces
 28357 | D:9      | Bought a pair of gloves for 135 gold pieces
 28371 | D:9      | Identified the cursed +0 robe "Fusaf" {rN+} (You bought it in a shop on level 9 of the Dungeon)
 28413 | D:9      | Identified the +4 chain mail of the Slorg {rC- MR+ Stlth+} (You bought it in a shop on level 9 of the Dungeon)
 28756 | D:13     | Found an iron altar of Okawaru.
 29100 | D:13     | Reached XP level 16. HP: 129/129 MP: 21/32
 30406 | D:13     | Got a twisted helmet
 30584 | D:13     | Identified the +0 helmet of Divine Intervention {Slay+2} (You found it on level 13 of the Dungeon)
 30625 | D:13     | Reached skill level 10 in Staves
 31469 | D:14     | Reached skill level 5 in Fighting
 31721 | D:14     | Found the +3 crown of Dyrovepreva {rElec Int+2 SInv}
 32419 | D:14     | Found a gate to the Vaults.
 33081 | D:15     | Entered Level 15 of the Dungeon
 34040 | D:15     | Found Bekkoth's Book Boutique.
 34426 | D:15     | Found a glowing silver altar of Zin.
 35186 | D:15     | Found a staircase to the Depths.
 35198 | D:15     | Killed from afar by a frost giant

Skill      XL: |  1  2  3  4  5  6  7  8  9 10 11 12 13 14 15 16 |
---------------+-------------------------------------------------+-----
Earth Magic    | 5 6 7 8 10 12 14 15 18 20 | 20.0
Spellcasting   | 2 3 4 6 7 9 10 12 | 12.1
Conjurations   | 1 2 |  2.7
Shields        | 3 4 |  4.0
Armour         | 2 5 6 7 10 12 | 12.0
Staves         | 3 5 7 9 12 | 12.0
Dodging        | 3 5 6 7 8 |  8.1
Fighting       | 2 3 4 6 |  6.7
Evocations     | 4 5 |  5.5
Stealth        | |  2.4
Transmutations | |  0.8

Action                   |  1- 3 |  4- 6 |  7- 9 | 10-12 | 13-15 | 16-18 || total
-------------------------+-------+-------+-------+-------+-------+-------++-------
Melee: Dagger            |    17 |    16 |       |       |       |       ||    33
       Whip              |       |    11 |       |       |       |       ||    11
       Quarterstaff      |       |       |     8 |       |       |       ||     8
       Staff             |       |       |       |    27 |   356 |   288 ||   671
 Cast: Sandblast         |    33 |    47 |    94 |   210 |   152 |    41 ||   577
       Stone Arrow       |     4 |    38 |    35 |    62 |   149 |    54 ||   342
       Passwall          |       |     1 |       |       |       |       ||     1
       Lee's Rapid Decon |       |       |    13 |    76 |   135 |   114 ||   338
       Petrify           |       |       |       |    11 |    56 |    26 ||    93
Evoke: Wand              |       |       |       |       |     9 |     4 ||    13
  Use: Scroll            |       |       |    22 |    13 |    16 |     3 ||    54
       Potion            |       |       |       |       |     8 |     2 ||    10
 Stab: Sleeping          |       |     3 |       |       |       |       ||     3
       Petrified         |       |       |       |    12 |    32 |    13 ||    57
       Invisible         |       |       |       |       |     5 |       ||     5
       Petrifying        |       |       |       |       |     1 |     2 ||     3
  Eat: Chunk             |     2 |    14 |    13 |    33 |    34 |    23 ||   119
       Ration            |       |       |     1 |     3 |     7 |     3 ||    14
Armor: Robe              |     8 |    18 |       |       |       |       ||    26
       Leather armour    |       |       |     7 |     7 |       |       ||    14
       Ring mail         |       |       |     9 |    25 |   158 |       ||   192
       Chain mail        |       |       |       |       |    39 |   112 ||   151
Dodge: Dodged            |    20 |    28 |    15 |    54 |   297 |    96 ||   510
Block: Other             |       |       |     7 |     2 |       |       ||     9
       Reflection        |       |       |     2 |     4 |     7 |    22 ||    35
       Buckler           |       |       |       |    51 |   276 |   144 ||   471
